 Dungeon Crawl Stone Soup version 0.23.0 (webtiles) character file.

Game seed: 17570770771431162878

29 fartymcfart the Firebug (level 3, 24/24 HPs)
             Began as a Demonspawn Fire Elementalist on Feb 16, 2019.
             Quit the game on level 2 of the Dungeon.
             The game lasted 00:01:00 (890 turns).

fartymcfart the Firebug (DsFE)                       Turns: 890, Time: 00:01:01

Health: 24/24      AC:  2    Str:  8    XL:     3   Next: 1%
Magic:  3/6        EV: 12    Int: 17    God:
Gold:   59         SH:  0    Dex: 13    Spells: 5/6 levels left

rFire    . . .     SeeInvis .   (no weapon)
rCold    . . .     Gourm    .   (no shield)
rNeg     . . .     Faith    .   a - +0 robe
rPois    .         Spirit   .   (no helmet)
rElec    .         Reflect  .   (no cloak)
rCorr    .         Harm     .   (no gloves)
MR       .....                  (no boots)
Stlth    +++.......             f - amulet of magic regeneration
HPRegen  0.08/turn              (no ring)
MPRegen  0.35/turn              (no ring)

@: no status effects
A: nightstalker 1, spiny 1
a: no special abilities


You were on level 2 of the Dungeon.
You were not hungry.

You visited 1 branch of the dungeon, and saw 2 of its levels.

You collected 59 gold pieces.

Inventory:

Armour
 a - a +0 robe (worn)
Jewellery
 f - an amulet of magic regeneration (around neck)
Scrolls
 d - a scroll of teleportation {unknown}
 e - a scroll of amnesia {unknown}
 g - a scroll of enchant armour {unknown}
Potions
 b - a potion of curing {unknown}
Comestibles
 c - 6 rations


   Skills:
 - Level 1.7 Dodging
 - Level 1.7 Stealth
 + Level 2.3 Spellcasting
 * Level 2.0 Conjurations
 * Level 3.1 Fire Magic


You had 5 spell levels left.
You knew the following spells:

 Your Spells              Type           Power        Failure   Level  Hunger
a - Flame Tongue          Conj/Fire      ##...        6%          1    #......

Your spell library contained the following spells:

 Spells                   Type           Power        Failure   Level  Hunger
 Throw Flame              Conj/Fire      ##....       10%         2    ###....
 Conjure Flame            Conj/Fire      ##......     19%         3    ###....
 Inner Flame              Hex/Fire       #.......     28%         3    ###....
 Sticky Flame             Conj/Fire      ##......     54%         4    #####..
 Fireball                 Conj/Fire      ##........   87%         5    ######.


Dungeon Overview and Level Annotations

Branches:
Dungeon (2/15)

Altars:
Xom


Innate Abilities, Weirdness & Mutations

You are slightly more attuned to the shadows.
You are partially covered in sharp spines.


Message History

Casting: Flame Tongue (safe; 7% risk of failure)
Confirm with . or Enter, or press ? or * to list all spells.
Aiming: Flame Tongue (safe; 7% risk of failure)
Press: ? - help, Shift-Dir - straight line, f - hobgoblin
Aim: a hobgoblin, wielding a +0 club The flame tongue hits the hobgoblin.
The hobgoblin is heavily wounded.
Casting: Flame Tongue (safe; 7% risk of failure)
Confirm with . or Enter, or press ? or * to list all spells.
Aiming: Flame Tongue (safe; 7% risk of failure)
Press: ? - help, Shift-Dir - straight line, f/p - hobgoblin
Aim: a hobgoblin, wielding a +0 club (heavily wounded)
The flame tongue hits the hobgoblin!
You kill the hobgoblin!
You have reached level 3!
Your experience leads to an increase in your attributes!
Increase (S)trength, (I)ntelligence, or (D)exterity?
You feel clever.
Your demonic ancestry asserts itself...
You slip into the darkness of the dungeon.
Are you sure you want to abandon this character and quit the game? (Confirm with "yes".)

♣.......#.######.##
♣#......#.## #.#
.P♣♣#####.....#####.#
.......)....(.......#
P♣♣..####.....#######
# #...((# #.....#
##).### #@.# #..#
#..# ###..# ###.P.>#
##...PP.##
......P...#
.P..♣♣♣♣..# ♣...
♣....#


There were no monsters in sight!

Vanquished Creatures
  A dart slug (D:1)
  7 bats (D:1)
  2 giant cockroaches (D:1)
  3 goblins
  2 hobgoblins
  3 jackals (D:2)
  3 frilled lizards
  3 kobolds
  3 rats (D:1)
27 creatures vanquished.

Notes
Turn   | Place    | Note
-------+----------+-------------------------------------------
     0 | D:1      | fartymcfart the Demonspawn Fire Elementalist began the
                  | quest for the Orb.
     0 | D:1      | Reached XP level 1. HP: 13/13 MP: 3/3
   274 | D:1      | Gained mutation: You are partially covered in sharp spines.
                  | [demonic ancestry]
   274 | D:1      | Reached XP level 2. HP: 19/19 MP: 3/5
   326 | D:1      | Reached skill level 3 in Fire Magic
   715 | D:1      | Found a shimmering altar of Xom.
   889 | D:2      | Gained mutation: You are slightly more attuned to the
                  | shadows. [demonic ancestry]
   889 | D:2      | Reached XP level 3. HP: 24/24 MP: 3/6
   890 | D:2      | Quit the game

Skill      XL: |  1  2 |
---------------+-------+-----
Fire Magic     | 3 |  3.1
Conjurations   | 2 |  2.0
Dodging        | |  1.7
Stealth        | |  1.7
Spellcasting   | |  2.3

Action                   || total
-------------------------++-------
Melee: Unarmed           ||     3
 Cast: Flame Tongue      ||    40
Armor: Robe              ||     6
Dodge: Dodged            ||    14
